 Dungeon Crawl Stone Soup version 0.20.0-1-g1cb1d84 (webtiles) character file.

1414 HungrySpirit the Basher (level 8, -7/53 HPs)
             Began as a Gargoyle Fighter on May 26, 2017.
             Killed from afar by a steam dragon (11 damage)
             ... with a ball of steam
             ... on level 6 of the Dungeon.
             The game lasted 00:06:37 (3886 turns).

HungrySpirit the Basher (Gargoyle Fighter)          Turns: 3886, Time: 00:06:39

Health: -7/53      AC: 13    Str: 22    XL:     8   Next: 71%
Magic:  8/8        EV:  9    Int:  8    God:
Gold:   200        SH:  0    Dex: 10    Spells: 7/7 levels left

rFire    . . .     SeeInvis .   a - +0 flail
rCold    . . .     Gourm    .   (no shield)
rNeg     + . .     Faith    .   b - +0 scale mail
rPois    ∞         Spirit   .   (no helmet)
rElec    +         Reflect  .   d - +0 cloak
rCorr    .         Harm     .   (no gloves)
MR       .....                  (no boots)
Stlth    +.........             n - amulet of regeneration
Regen    0.6/turn               A - ring of stealth
MPRegen  0.2/turn               (no ring)

@: no status effects
A: negative energy resistance 1, electricity resistance, unbreathing,
petrification resistance, rot immunity, AC +5
a: no special abilities


You were on level 6 of the Dungeon.
You were not hungry.

You visited 1 branch of the dungeon, and saw 6 of its levels.

You collected 200 gold pieces.

Inventory:

Hand Weapons
 a - a +0 flail (weapon)
Armour
 b - a +0 scale mail (worn)
 c - a +0 shield
 d - a +0 cloak (worn)
Jewellery
 n - an amulet of regeneration (around neck)
 A - a ring of stealth (left hand)
 I - an uncursed amulet of the gourmand {unknown}
Wands
 u - a wand of disintegration (15/24)
 H - a wand of random effects (33/48)
 J - a wand of lightning (7/15)
Scrolls
 e - a scroll of magic mapping
 i - a scroll of identify
 j - a scroll of fog
 p - a scroll of noise
 r - 3 scrolls of recharging
 w - a scroll of remove curse
 y - a scroll of enchant weapon {unknown}
 B - 2 scrolls of immolation
 C - a scroll of fear {unknown}
 E - a scroll of teleportation
Potions
 g - 3 potions of curing
 m - a potion of mutation {unknown}
 o - a potion of lignification {unknown}
 q - a potion of brilliance {unknown}
 v - 2 potions of berserk rage {unknown}
 x - a potion of haste
 z - a potion of experience {unknown}
 D - 2 potions of heal wounds {unknown}
 F - a potion of ambrosia {unknown}
 K - 2 potions of cancellation {unknown}
Books
 s - a book of Cantrips

   Spells                             Type                      Level
   a - Confusing Touch                Hexes                        1
   b - Animate Skeleton               Necromancy                   1
   c - Summon Small Mammal            Summoning                    1
   d - Apportation                    Translocation                1
 t - a book of Misfortune

   Spells                             Type                      Level
   a - Confusing Touch                Hexes                        1
   b - Confuse                        Hexes                        3
   c - Gell's Gravitas                Translocation                3
   d - Petrify                        Transmutation/Earth          4
   e - Metabolic Englaciation         Hexes/Ice                    5
   f - Yara's Violent Unravelling     Hexes/Transmutation          5
Comestibles
 f - 5 bread rations
 h - 4 meat rations
 k - 10 fruits
 l - 3 royal jellies
 G - 3 chunks of flesh


   Skills:
 + Level 7.2 Fighting
 * Level 8.9 Maces & Flails
 - Level 3.2 Armour
 - Level 3.2 Shields


You had 7 spell levels left.
You didn't know any spells.

Dungeon Overview and Level Annotations

Branches:
Dungeon (6/15)
 Temple: D:4-7

Altars:
Kikubaaqudgha
Makhleb
Qazlal
Uskayaw
Yredelemnul


Innate Abilities, Weirdness & Mutations

You are resistant to torment.
Your stone body is resilient. (AC +5)
You are immune to poison.
You resist negative energy. (rN+)
You are resistant to electric shocks. (rElec)
You can survive without breathing.
You are immune to petrification.
You are immune to rotting.


Message History

The steam dragon closely misses you. x2
You feel better.
The steam dragon bites you but does no damage.
The steam dragon barely misses you.
You hit the steam dragon.
The steam dragon is lightly wounded.
The steam dragon completely misses you. The steam dragon barely misses you.
You closely miss the steam dragon.
The steam dragon is lightly wounded.
The steam dragon bites you but does no damage.
The steam dragon claws you but does no damage.
A steam dragon comes into view.
You barely miss the steam dragon.
The steam dragon is lightly wounded.
The steam dragon breathes steam at you. The ball of steam hits you!
* * * LOW HITPOINT WARNING * * *
The steam dragon breathes steam at you. The ball of steam hits you!
You die...

#.###.##.##.###............##
#.....................##.....
#####.##.##.####......#######
#.#####.# #......# #
#.#####.# #<.....# #
#...)...## #......# #
#######..########## # #...# .
##@## #.D§# #...§.# #≈.⌠.§#
#≈≈..§# ##≈≈≈.D ####≈≈≈ ####


You could see a steam dragon.

Vanquished Creatures
  The ghost of Nattefrost the Cudgeler, an amateur CeFi (D:4)
  Menkaure (D:3)
  An ice beast (D:6)
  A phantom (D:4)
  A necrophage (D:3)
  A centaur (D:6)
  A scorpion (D:4)
  A crimson imp (D:6)
  2 centaur zombies
  A centaur skeleton (D:4)
  3 hounds (D:4)
  2 orc priests (D:4)
  Crazy Yiuf (D:3)
  2 orc wizards
  Jessica (D:2)
  An iguana (D:5)
  6 worker ants
  A hound skeleton (D:5)
  Robin (D:4)
  A howler monkey zombie (D:3)
  A worker ant zombie (D:5)
  4 adders
  An ooze (D:6)
  An adder zombie (D:5)
  An adder skeleton (D:6)
  A dart slug (D:2)
  5 worms
  A leopard gecko (D:5)
  12 orcs
  A ball python (D:3)
  7 bats
  3 giant cockroaches
  12 goblins
  12 hobgoblins
  7 jackals
  7 frilled lizards
  A kobold (D:3)
  6 rats
  2 fungi (D:3)
115 creatures vanquished.

Notes
Turn   | Place    | Note
-------+----------+-------------------------------------------
     0 | D:1      | HungrySpirit the Gargoyle Fighter began the quest for the Orb.
     0 | D:1      | Reached XP level 1. HP: 14/14 MP: 1/1
   358 | D:1      | Reached XP level 2. HP: 18/19 MP: 2/2
   622 | D:2      | Found a hide-covered altar of Uskayaw.
   809 | D:2      | Noticed Jessica
   809 | D:2      | Reached skill level 3 in Maces & Flails
   810 | D:2      | Reached XP level 3. HP: 24/24 MP: 3/3
   836 | D:2      | Killed Jessica
  1014 | D:2      | Reached XP level 4. HP: 29/29 MP: 4/4
  1198 | D:3      | Noticed a necrophage
  1253 | D:3      | Noticed Menkaure
  1253 | D:3      | Found an ancient bone altar of Kikubaaqudgha.
  1253 | D:3      | Found a basalt altar of Yredelemnul.
  1257 | D:3      | Killed Menkaure
  1257 | D:3      | Reached skill level 4 in Maces & Flails
  1257 | D:3      | Reached XP level 5. HP: 28/34 MP: 5/5
  1265 | D:3      | Killed a necrophage
  1265 | D:3      | Reached skill level 5 in Fighting
  1265 | D:3      | Reached skill level 5 in Maces & Flails
  1265 | D:3      | Reached XP level 6. HP: 28/40 MP: 6/6
  1880 | D:3      | Found a runed door.
  1885 | D:3      | Noticed Crazy Yiuf
  1890 | D:3      | Killed Crazy Yiuf
  1960 | D:4      | Noticed Nattefrost's ghost (amateur CeFi)
  2259 | D:4      | Reached skill level 6 in Maces & Flails
  2280 | D:4      | Killed Nattefrost's ghost
  2280 | D:4      | Reached XP level 7. HP: 37/44 MP: 7/7
  2382 | D:4      | Reached skill level 7 in Maces & Flails
  2507 | D:4      | Noticed Robin
  2530 | D:4      | Killed Robin
  2753 | D:4      | Found a burning altar of Makhleb.
  2819 | D:4      | Reached XP level 8. HP: 52/52 MP: 8/8
  2964 | D:5      | Entered Level 5 of the Dungeon
  3178 | D:5      | Reached skill level 8 in Maces & Flails
  3582 | D:6      | Found a stormy altar of Qazlal.
  3886 | D:6      | Killed from afar by a steam dragon

Skill      XL: |  1  2  3  4  5  6  7  8 |
---------------+-------------------------+-----
Maces & Flails | 3 4 5 6 7 8 |  8.9
Fighting       | 4 5 6 7 |  7.2
Armour         | |  3.2
Shields        | |  3.2

Action                   |  1- 3 |  4- 6 |  7- 9 || total
-------------------------+-------+-------+-------++-------
Melee: Flail             |    84 |   157 |   295 ||   536
Evoke: Wand              |       |     3 |     1 ||     4
  Use: Potion            |       |     3 |     2 ||     5
       Scroll            |       |     7 |     2 ||     9
  Eat: Chunk             |       |     5 |     6 ||    11
Armor: Scale mail        |    63 |    81 |   172 ||   316
Dodge: Dodged            |    56 |    81 |   110 ||   247
